 Dungeon Crawl Stone Soup version 0.28-a0-1152-g9c71ebef14 (webtiles) character file.

Game seed: 6741208352374451906

517 flotson the Chopper (level 7, 0/53 HPs)
             Began as a Demonspawn Gladiator on Dec 14, 2021.
             Was an Initiate of Qazlal.
             Slain by an orc (15 damage)
             ... on level 5 of the Dungeon.
             The game lasted 00:07:12 (5106 turns).

flotson the Chopper (Demonspawn Gladiator)          Turns: 5106, Time: 00:07:14

Health: 0/53       AC: 13    Str: 17    XL:     7   Next: 0%
Magic:  7/7        EV: 13    Int:  9    God:    Qazlal [......]
Gold:   155        SH:  0    Dex: 20    Spells: 6/6 levels left

rFire   . . .      SeeInvis .   a - +2 flail (protect)
rCold   . . .      Faith    .   (no shield)
rNeg    . . .      Spirit   .   j - +0 ring mail
rPois   .          Reflect  .   c - +0 helmet
rElec   .          Harm     .   (no cloak)
rCorr   .          Rampage  .   t - +0 pair of gloves
Will    .....                   h - +2 pair of boots
Stlth   +.........              (no amulet)
HPRegen 0.17/turn               x - +6 ring of dexterity
MPRegen 0.20/turn               (no ring)

@: no status effects
A: hooves 1, thin metallic scales 2, magic regeneration
a: Renounce Religion


You were on level 5 of the Dungeon.
You worshipped Qazlal.
Qazlal was noncommittal.
You visited 2 branches of the dungeon, and saw 6 of its levels.

You collected 155 gold pieces.

Inventory:

Hand Weapons
 a - a +2 flail of protection (weapon)
 q - a +0 quarterstaff
 s - a +0 war axe
Missiles
 d - a throwing net (quivered)
 o - 2 poisoned darts
 r - 8 boomerangs
Armour
 c - a +0 helmet (worn)
 h - a +2 pair of boots (worn)
 j - a +0 ring mail (worn)
 t - a +0 pair of gloves (worn)
Jewellery
 l - a ring of fire
 p - a ring of fire
 v - a ring of ice
 x - a +6 ring of dexterity (left hand)
Scrolls
 b - a scroll of teleportation {unknown}
 e - 2 scrolls of identify {unknown}
 i - 3 scrolls of enchant armour {unknown}
 n - 2 scrolls of fear {unknown}
 u - a scroll of acquirement {unknown}
 y - a scroll of torment {unknown}
Potions
 f - 2 potions of haste {unknown}
 g - 7 potions of curing {unknown}
 k - a potion of lignification {unknown}
 m - a potion of attraction {unknown}
 w - a potion of ambrosia {unknown}


   Skills:
 + Level 3.7 Fighting
 + Level 4.1 Axes
 + Level 3.3 Throwing
 + Level 2.7 Armour
 + Level 4.0 Dodging


You had 6 spell levels left.
You didn't know any spells.
Your spell library contained the following spells:

 Spells                   Type           Power      Damage    Failure   Level
 Magic Dart               Conj           0%         1d3       58%         1
 Scorch                   Fire           0%         2d5       73%         2
 Searing Ray              Conj           0%         2d4       73%         2
 Ozocubu's Armour         Ice            0%         N/A       91%         3
 Flame Wave               Conj/Fire      0%         2d4       100%        4
 Fulminant Prism          Conj/Hex       0%         3d6       100%        4
 Summon Cactus Giant      Summ           0%         N/A       100%        6
 Ozocubu's Refrigeration  Ice            0%         4d5       100%        7


Dungeon Overview and Level Annotations

Branches:
Dungeon (5/15)             Temple (1/1) D:5

Altars:
Ashenzari
Cheibriados
Dithmenos
Elyvilon
Gozag
Hepliaklqana
Kikubaaqudgha
Nemelex Xobeh
Okawaru
Qazlal
Sif Muna
Vehumet
Wu Jian
Xom
Yredelemnul

Portals:
Sewer: D:5

Annotations:
D:5 Prince Ribbit


Innate Abilities, Weirdness & Mutations

You have large cloven feet.
You are mostly covered in thin metallic scales. (AC +3)
You regenerate magic rapidly.


Message History

A worm comes into view.
The hound barks!
You hear a shout! x2
The worm moves out of view.
The hound misses you. Prince Ribbit hits you!
An orc comes into view.
It is wielding a +2 short sword of electrocution.
Prince Ribbit completely misses you. The ball python barely misses you.
The ball python closely misses you. Prince Ribbit hits you.
Prince Ribbit blinks!
The hound bites you but does no damage.
You see here 18 gold pieces.
You enter the shallow water.
Moving in this stuff is going to be slow.
An orc comes into view. It is wielding a +0 mace.
The orc shouts!
Prince Ribbit blinks!
An orc comes into view. It is wielding a +4 short sword.
The hound barely misses you. The worm barely misses you.
The orc moves out of view.
An orc comes into view. It is wielding a +0 dagger.
Prince Ribbit blinks!
The ball python barely misses you. The ball python grabs you.
The ball python constricts you. The hound bites you.
The orc closely misses you.
The orc moves out of view.
An orc comes into view. It is wielding a +0 falchion.
You escape the ball python's grasp.
The orc shouts! x2
The orc splashes around in the water.
The orc throws a boomerang.
The boomerang closely misses you. The hound barely misses you.
The orc completely misses you.
The orc throws a boomerang.
The boomerang closely misses you.
Prince Ribbit catches a millipede with his tongue.
The orc splashes around in the water.
The worm bites you.
There is a glowing drain here.
Prince Ribbit hits you but does no damage.
The hound pauses to sniff the water.
The hound splashes around in the water.
The orc throws a boomerang.
The boomerang closely misses you. Prince Ribbit hits you.
The orc hits you with a +2 short sword of electrocution.
* * * LOW HITPOINT WARNING * * *
You are electrocuted!
You die...

...#.# ### ...#.# ..#
...#.####+######.#### #
...#.##.............## ..
...#..#.......#$..#..#...
...##.#.......≈≈≈≈≈......
..) #.......#≈≈≈S≈≈≈#....
##.##+#..≈≈woh≈≈≈....
#.##....≈≈F@≈≈≈.....
#.##....≈≈≈≈o≈≈o....
#.##.#.#≈≈≈≈≈o≈#....
#..#.#...≈≈≈≈≈...###
##.#.##..#...#.o.# .
##.......#.# ###..####...
#.## ..


You could see Prince Ribbit, a worm, a hound, 5 orcs and a ball python.

Vanquished Creatures
  A phantom (D:4)
  2 scorpions
  A hound (D:4)
  A gnoll shaman (D:3)
  A scorpion zombie (D:5)
  A hound skeleton (D:4)
  5 gnolls
  8 adders
  A howler monkey skeleton (D:4)
  2 worms (D:3)
  2 dart slugs (D:1)
  8 orcs
  5 bats
  7 endoplasms
  6 giant cockroaches
  8 goblins
  5 hobgoblins
  9 jackals
  2 quokkas (D:1)
  5 ball pythons
  A frilled lizard (D:2)
  8 kobolds
  3 rats
92 creatures vanquished.

Vanquished Creatures (others)
  5 demonic plants (D:2)
  4 plants (D:2)
  A withered plant (D:2)
10 creatures vanquished.

Grand Total: 102 creatures vanquished

Notes
Turn   | Place    | Note
-------+----------+-------------------------------------------
     0 | D:1      | flotson the Demonspawn Gladiator began the quest for the
                  | Orb.
     0 | D:1      | Reached XP level 1. HP: 16/16 MP: 1/1
   250 | D:1      | Gained mutation: You regenerate magic rapidly. [demonic
                  | ancestry]
   250 | D:1      | Reached XP level 2. HP: 22/22 MP: 2/2
   729 | D:1      | Reached XP level 3. HP: 28/28 MP: 3/3
   900 | D:2      | Reached skill level 1 in Armour
  1247 | D:2      | Found a faded altar of an unknown god.
  1507 | D:3      | Reached XP level 4. HP: 30/34 MP: 4/4
  1749 | D:3      | Noticed a scorpion
  1766 | D:3      | Killed a scorpion
  1767 | D:3      | Gained mutation: You have large cloven feet. [demonic
                  | ancestry]
  1767 | D:3      | Reached XP level 5. HP: 23/41 MP: 5/5
  3575 | D:4      | Noticed a phantom
  3683 | D:4      | Gained mutation: You are partially covered in thin metallic
                  | scales. (AC +2) [demonic ancestry]
  3683 | D:4      | Reached XP level 6. HP: 47/47 MP: 6/6
  4732 | D:5      | Entered Level 5 of the Dungeon
  4745 | D:5      | Found a staircase to the Ecumenical Temple.
  4752 | Temple   | Entered the Ecumenical Temple
  5028 | Temple   | Became a worshipper of Qazlal Stormbringer
  5081 | D:5      | Gained mutation: You are mostly covered in thin metallic
                  | scales. (AC +3) [demonic ancestry]
  5081 | D:5      | Reached XP level 7. HP: 52/53 MP: 7/7
  5088 | D:5      | Noticed Prince Ribbit
  5095 | D:5      | Found a glowing drain.
  5106 | D:5      | Slain by an orc

Illustrated notes

Levels and vault maps discovered:
D:1:      dpeg_arrival_solitude, layout_rooms
D:2:      layout_rooms, shapermc_ecumenical_altar_gd
D:3:      minmay_skewed_foursquare, layout_rooms
D:4:      layout_layer_cave, minmay_starry_boxes
D:5:      layout_basic, mainiacjoe_overflow_alcove_4, minmay_temple_entry_wispy,
          cheibrodos_sewer_entry_drain, kennysheep_another_room, uniq_duvessa,
          uniq_prince_ribbit1
Temple:   eino_temple_scatter_basement

Skill      XL: |  1  2  3  4  5  6 |
---------------+-------------------+-----
Throwing       | 2 3 |  3.3
Axes           | 3 4 |  4.1
Dodging        | 3 4 |  4.0
Armour         | 1 2 |  2.7
Fighting       | 3 |  3.7

Action                   |  1- 3 |  4- 6 |  7- 9 || total
-------------------------+-------+-------+-------++-------
Melee: War axe           |   118 |    47 |       ||   165
       Quarterstaff      |       |    69 |       ||    69
       Flail             |       |    90 |     3 ||    93
Throw: Throwing net      |       |     4 |       ||     4
Armor: Leather armour    |    29 |       |       ||    29
       Ring mail         |    31 |   115 |     3 ||   149
Dodge: Dodged            |    65 |   186 |    17 ||   268

Table legend: (Time is in decaauts)
 A = Elapsed time spent in this place.
 B = Non-inter-level travel time spent in this place.
 C = Inter-level travel time spent in this place.
 D = Time resting spent in this place.
 E = Time spent auto-exploring this place.
 F = Levels seen in this place.
 G = Mean time per level.
                   A        B        C        D        E       F      G
               +--------+--------+--------+--------+--------+-----+--------+
         Total |   5216 |   4983 |    233 |    576 |   3391 |   6 |  869.3 |
       Dungeon |   4921 |   4706 |    215 |    576 |   3159 |   5 |  984.2 |
        Temple |    294 |    276 |     18 |      0 |    232 |   1 |  294.0 |
               +--------+--------+--------+--------+--------+-----+--------+

Top non-repeatable levels by time:
     D:3: 1641 daAuts
     D:4: 1432 daAuts
     D:2: 920 daAuts
     D:1: 840 daAuts
  Temple: 294 daAuts
     D:5: 85 daAuts
